 Dungeon Crawl Stone Soup version 0.17.0-28-g6e173f8 (webtiles) character file.

1451 Raultor the Destroyer (level 8, -2/50 HPs)
             Began as an Octopode Conjurer on Nov 22, 2015.
             Was a Follower of Vehumet.
             Shot with a sling bullet by Joseph (16 damage)
             ... on level 7 of the Dungeon.
             The game lasted 00:25:52 (7324 turns).

Raultor the Destroyer (Octopode Conjurer)           Turns: 7324, Time: 00:25:52

Health: -2/50      AC:  4    Str:  9    XL:     8   Next: 75%
Magic:  1/20       EV: 12    Int: 24    God:    Vehumet [*.....]
Gold:   294        SH:  0    Dex: 13    Spells: 4 memorised, 0 levels left

rFire  + . .     SeeInvis .     c - +1 spear
rCold  x . .     Clarity  .     (no shield)
rNeg   . . .     SustAt   .     (helmet restricted)
rPois  +         Gourm    .     (no amulet)
rElec  .         Spirit   .     g - ring of stealth
rCorr  .         Warding  .     s - +2 ring of strength
rMut   .         Stasis   .     w - ring of poison resistance
MR     .....                    z - +3 ring of protection
Stlth  +++++.....               B - ring of fire
                                E - ring of magical power
                                F - ring of stealth
                                (no ring)

@: brilliant, not resistant to hostile enchantments, quite stealthy
A: almost no armour, amphibious, 8 rings, constrict 8, camouflage 1, gelatinous
body 1
a: Renounce Religion


You were on level 7 of the Dungeon.
You worshipped Vehumet.
Vehumet was aware of your devotion.
You were hungry.

You visited 2 branches of the dungeon, and saw 8 of its levels.

You collected 294 gold pieces.

Inventory:

Hand Weapons
 c - a +1 spear (weapon)
Jewellery
 g - a ring of stealth (left tentacle)
 s - a +2 ring of strength (right tentacle)
 w - a ring of poison resistance (on tentacle)
 z - a +3 ring of protection (on tentacle)
 B - a ring of fire (on tentacle)
 C - an uncursed ring of teleportation
 E - a ring of magical power (on tentacle)
 F - a ring of stealth (on tentacle)
Wands
 q - a wand of confusion (16)
 I - a wand of fire (5)
Scrolls
 d - a scroll of blinking {unknown}
 f - 4 scrolls of remove curse
 h - a scroll of amnesia
 i - a scroll of recharging {unknown}
 l - 3 scrolls of teleportation {unknown}
 p - 2 scrolls of enchant weapon
 r - a scroll of enchant armour {unknown}
 u - 4 scrolls of identify
 y - 3 scrolls of fear {unknown}
 H - a scroll of vulnerability {unknown}
Potions
 e - 3 potions of heal wounds
 j - a potion of beneficial mutation {unknown}
 m - a potion of agility
 t - a potion of invisibility
 v - 3 potions of curing
 x - a potion of resistance
 D - a potion of flight
Books
 a - a book of Conjurations

   Spells                             Type                      Level
   a - Magic Dart                     Conjuration                  1
   b - Searing Ray                    Conjuration                  2
   c - Dazzling Spray                 Conjuration/Hexes            3
   d - Fulminant Prism                Conjuration/Hexes            4
   e - Iskenderun's Mystic Blast      Conjuration                  4
   f - Iskenderun's Battlesphere      Conjuration/Charms           5
Comestibles
 b - 4 bread rations
 k - a meat ration
 n - 2 slices of pizza
 o - a royal jelly
 A - 2 beef jerkies
 J - 5 chunks of flesh


   Skills:
 - Level 1.9 Fighting
 - Level 1.2 Polearms
 - Level 2.0 Dodging
 - Level 2.6 Stealth
 - Level 2.6 Spellcasting
 + Level 8.6 Conjurations
 * Level 6.4 Charms


You couldn't memorise any spells.
You knew the following spells:

 Your Spells              Type           Power        Failure   Level  Hunger
a - Magic Dart            Conj           ####         1%          1    None
b - Searing Ray           Conj           ######       1%          2    ##.....
c - Iskenderun's Battles  Conj/Chrm      ######..     2%          5    ######.
d - Fulminant Prism       Conj/Hex       #####.....   3%          4    ####...


Dungeon Overview and Level Annotations

Branches:
Dungeon (7/15)             Temple (1/1) D:5

Altars:
Ashenzari
Cheibriados
Elyvilon
Fedhas
Gozag
Kikubaaqudgha
Makhleb
Nemelex Xobeh
Okawaru
Qazlal
Ru
Sif Muna
Trog
Vehumet
Xom
Yredelemnul
Zin
The Shining One

Shops:
D:5 =

Annotations:
D:6 exclusion: centaur
D:7 Joseph


Innate Abilities, Weirdness & Mutations

You cannot wear most types of armour.
You are amphibious.
You can wear up to eight rings at the same time.
You can use your tentacles to constrict eight enemies at once.
Your skin changes colour to match your surroundings (Stealth).
Your rubbery body absorbs attacks (AC +1).


Message History

The magic dart hits Joseph.
Joseph is severely wounded.
Joseph shoots a sling bullet.
The sling bullet hits you!
Joseph shoots a sling bullet.
The sling bullet hits you!
You see here a sling bullet.
Casting: Magic Dart
Confirm with . or Enter, or press ? or * to list all spells.
Aiming: Magic Dart
Press: ? - help, Shift-Dir - straight line, f/p - Joseph
Aim: Joseph, wielding a hunting sling and wearing a dyed leather armour (severely wounded)
The magic dart hits Joseph.
Joseph is almost dead.
Drink which item? (? for menu, Esc to quit)
Okay, then.
Joseph shoots a sling bullet.
The sling bullet hits you!
* * * LOW HITPOINT WARNING * * *
You see here a sling bullet.
You are too injured to fight recklessly!
Joseph shoots a sling bullet.
The sling bullet hits you!
You die...

..##.#..#########################
#.##.#...................#
#..#.##.################.#
##.#!..$..############ #.#
#.####.....?........# #.# #.#
#..............# #.# #.#
#....@.........# #.# ###### #.#
#..............# #.###..... #.##
#.....(...@....# #......... #..#
#..<...(..((...# ####......
##.###.......(.(....# #......
#..##........(.....# #.....#
##.##..............# #.....#
#..#..............# #....[# ##
##.#..............# #.....#
....#.#..............# #.....#
#..............)...# #.....#


You could see Joseph.

Vanquished Creatures
  An ice beast (D:7)
  A black bear (D:6)
  3 ogres
  A big kobold (D:6)
  Blork the orc (D:4)
  2 giant frogs (D:6)
  2 scorpions (D:5)
  A crimson imp (D:4)
  A hound (D:5)
  A jelly (D:6)
  2 orc wizards
  A centaur skeleton (D:4)
  A giant frog skeleton (D:6)
  An orc priest (D:3)
  3 iguanas
  3 worker ants
  2 worker ant zombies
  12 adders
  2 shadow imps
  A gnoll (D:1)
  3 adder skeletons
  An adder zombie (D:6)
  A worm (D:3)
  A giant gecko (D:6)
  17 orcs
  8 bats
  6 giant cockroaches
  6 hobgoblins
  13 jackals
  4 quokkas
  3 ball pythons
  5 giant newts
  5 goblins
  A jackal zombie (D:6)
  13 kobolds
  7 rats
136 creatures vanquished.

Notes
Turn   | Place    | Note
--------------------------------------------------------------
     0 | D:1      | Raultor the Octopode Conjurer began the quest for the Orb.
     0 | D:1      | Reached XP level 1. HP: 11/11 MP: 3/3
   305 | D:1      | Reached XP level 2. HP: 18/18 MP: 0/5
   321 | D:1      | Reached skill level 1 in Fighting
   333 | D:1      | Reached XP level 3. HP: 12/23 MP: 1/6
   352 | D:1      | Learned a level 2 spell: Searing Ray
  1817 | D:2      | Found a glowing silver altar of Zin.
  2037 | D:2      | Reached XP level 4. HP: 28/28 MP: 7/7
  2211 | D:2      | Found a shattered altar of Ashenzari.
  2416 | D:3      | Reached skill level 5 in Conjurations
  2752 | D:3      | Reached skill level 1 in Polearms
  2752 | D:3      | Reached XP level 5. HP: 15/34 MP: 3/8
  3051 | D:3      | Learned a level 5 spell: Iskenderun's Battlesphere
  3414 | D:3      | Found an ancient bone altar of Kikubaaqudgha.
  3474 | D:4      | Reached skill level 1 in Charms
  3680 | D:4      | Noticed Blork the orc
  3692 | D:4      | Killed Blork the orc
  3692 | D:4      | Reached skill level 6 in Conjurations
  3692 | D:4      | Reached XP level 6. HP: 11/39 MP: 1/9
  4268 | D:4      | Reached XP level 7. HP: 42/44 MP: 4/10
  4559 | D:4      | Found a bloodstained altar of Trog.
  4559 | D:4      | Found a white marble altar of Elyvilon.
  4795 | D:5      | Entered Level 5 of the Dungeon
  5004 | D:5      | Reached skill level 7 in Conjurations
  5239 | D:5      | Found Gint's Jewellery Shoppe.
  5303 | D:5      | Found a staircase to the Ecumenical Temple.
  5326 | Temple   | Entered the Ecumenical Temple
  5388 | Temple   | Became a worshipper of Vehumet
  6187 | D:6      | Reached skill level 5 in Charms
  6187 | D:6      | Reached XP level 8. HP: 50/50 MP: 11/11
  6253 | D:6      | Learned a level 4 spell: Fulminant Prism
  6631 | D:6      | Reached * piety under Vehumet
  6631 | D:6      | Offered knowledge of Freeze by Vehumet.
  6855 | D:6      | Found a sacrificial altar of Ru.
  7090 | D:7      | Noticed Joseph
  7247 | D:7      | Reached skill level 8 in Conjurations
  7324 | D:7      | Shot with a sling bullet by Joseph

Action                   |  1- 3 |  4- 6 |  7- 9 || total
-------------------------+-------+-------+-------++-------
Melee: Unarmed           |     9 |       |       ||     9
       Spear             |    68 |   105 |   111 ||   284
 Cast: Magic Dart        |    20 |    34 |    88 ||   142
       Searing Ray       |       |     5 |     7 ||    12
       Iskenderun's Batt |       |       |     2 ||     2
  Use: Scroll            |       |       |     8 ||     8
       Potion            |       |       |     6 ||     6
 Stab: Sleeping          |     7 |    15 |     5 ||    27
       Distracted        |     1 |       |     2 ||     3
  Eat: Chunk             |     4 |     7 |    10 ||    21
